 Dungeon Crawl Stone Soup version 0.20.1-1-g8b1a95d (webtiles) character file.

252 valak24 the Skirmisher (level 5, -5/42 HPs)
             Began as a Draconian Fighter on July 15, 2017.
             Was a Follower of Hepliaklqana.
             Slain by an ogre
             ... wielding a +0 giant spiked club
              (27 damage)
             ... on level 4 of the Dungeon.
             The game lasted 00:06:44 (1619 turns).

valak24 the Skirmisher (Draconian Fighter)          Turns: 1619, Time: 00:06:45

Health: -5/42      AC:  7    Str: 24    XL:     5   Next: 89%
Magic:  5/5        EV: 10    Int: 11    God:    Hepliaklqana [*.....]
Gold:   218        SH: 10    Dex: 10    Spells: 4/4 levels left

rFire    . . .     SeeInvis .   a - +1 long sword
rCold    . . .     Gourm    .   b - +0 shield
rNeg     . . .     Faith    .   (armour unavailable)
rPois    .         Spirit   .   (helmet restricted)
rElec    .         Reflect  .   (no cloak)
rCorr    .         Harm     .   h - +0 pair of gloves
MR       .....                  f - +0 pair of boots
Stlth    +.........             (no amulet)
Regen    0.2/turn               g - +5 ring of strength
MPRegen  0.1/turn               (no ring)

@: no status effects
A: unfitting armour, reduced essence, clever 1, sense surroundings 1,
cold-blooded, AC +5
a: Recall Ancestor, Ancestor Identity, Renounce Religion


You were on level 4 of the Dungeon.
You worshipped Hepliaklqana.
Hepliaklqana was aware of your devotion.
You were not hungry.

You visited 1 branch of the dungeon, and saw 4 of its levels.

You collected 218 gold pieces.

Inventory:

Hand Weapons
 a - a +1 long sword (weapon)
Armour
 b - a +0 shield (worn)
 f - a +0 pair of boots (worn)
 h - a +0 pair of gloves (worn)
Jewellery
 g - a +5 ring of strength (left hand)
 m - a +3 amulet of reflection {unknown}
Wands
 c - a wand of random effects (44/48)
 k - a wand of acid (7/15)
Scrolls
 e - 5 scrolls of remove curse
 i - 5 scrolls of identify
Comestibles
 d - 2 bread rations
 j - 2 meat rations
 l - a royal jelly


   Skills:
 * Level 4.3 Fighting
 * Level 4.1 Long Blades
 * Level 3.3 Dodging
 + Level 0.6 Stealth
 * Level 4.1 Shields


You had 4 spell levels left.
You didn't know any spells.

Dungeon Overview and Level Annotations

Branches:
Dungeon (4/15)
 Temple: D:4-7

Altars:
Hepliaklqana
Sif Muna
Vehumet


Innate Abilities, Weirdness & Mutations

Your plain brown scales are hard. (AC +5)
You cannot fit into any form of body armour.
You are cold-blooded and may be slowed by cold attacks.
Your life essence is reduced to manifest your ancestor. (-10% HP)
Your mind is acute. (Int +2)
You passively map a small area around you.


Message History

You hit the adder.
You kill the adder!
No target in view!
No target in view!
You see here an adder corpse.
Found a stone staircase leading up.
An ogre comes into view. It is wielding a giant spiked club.
The ogre shouts!
An ogre is nearby!
The ogre barely misses you.
You riposte.
You hit the ogre.
The ogre is lightly wounded.
You barely miss the ogre.
The ogre is lightly wounded.
The ogre hits you with a giant spiked club!!
You hit the ogre.
The ogre is lightly wounded.
Josh hits the ogre.
The ogre hits you with a giant spiked club!!
Ouch! That really hurt!
You die...

** #.######## ..
###..#.....## *
#.*##...........## #.
#..##..(......# #.
#.###.........## *
#.##.#.............
######......#†........##
,
......OR.....)........#
* * *##@....#.........#
#.....#.........#
#.....#.........#
#.....#.........#
#..$..#.........#
#.....##...)...##
#...<.# #..... #######
**


You could see the friendly Josh the ancestor and an ogre.

Vanquished Creatures
  A hound (D:4)
  An orc wizard (D:3)
  Jessica (D:2)
  Natasha (D:2)
  Robin (D:3)
  3 adders
  An ooze (D:1)
  3 worms
  2 dart slugs
  6 orcs (D:3)
  4 bats
  A giant cockroach (D:1)
  13 goblins
  9 hobgoblins
  3 kobolds
  4 rats
54 creatures vanquished.

Vanquished Creatures (collateral kills)
  Terence (D:3)
  A leopard gecko (D:3)
  2 hobgoblins (D:3)
4 creatures vanquished.

Vanquished Creatures (others)
  An ancestor (D:3)
1 creature vanquished.

Grand Total: 59 creatures vanquished

Notes
Turn   | Place    | Note
-------+----------+-------------------------------------------
     0 | D:1      | valak24 the Draconian Fighter began the quest for the Orb.
     0 | D:1      | Reached XP level 1. HP: 19/19 MP: 1/1
   211 | D:1      | Reached XP level 2. HP: 26/26 MP: 2/2
   385 | D:1      | You fall through a shaft!
   385 | D:2      | Noticed Jessica
   389 | D:2      | Killed Jessica
   389 | D:2      | Reached XP level 3. HP: 33/33 MP: 3/3
   563 | D:2      | Found a hazy altar of Hepliaklqana.
   673 | D:2      | Became a worshipper of Hepliaklqana the Forgotten
   688 | D:2      | Found a radiant altar of Vehumet.
   700 | D:2      | Noticed Natasha
   706 | D:2      | Killed Natasha
   706 | D:2      | Reached XP level 4. HP: 33/36 MP: 4/4
   873 | D:3      | Noticed Robin
   884 | D:3      | Gained mutation: You passively map a small area around you. [potion of mutation]
   884 | D:3      | Gained mutation: Your mind is acute. (Int +2) [potion of mutation]
   890 | D:3      | Killed Robin
   970 | D:3      | Noticed Terence
   980 | D:3      | Killed Terence
   980 | D:3      | Reached XP level 5. HP: 38/41 MP: 5/5
  1031 | D:3      | Found a deep blue altar of Sif Muna.
  1252 | D:3      | Reached * piety under Hepliaklqana
  1614 | D:4      | Noticed an ogre
  1619 | D:4      | Slain by an ogre

Skill      XL: |  1  2  3  4  5 |
---------------+----------------+-----
Dodging        | 3 |  3.3
Fighting       | 4 |  4.3
Long Blades    | 3 4 |  4.1
Shields        | 4 |  4.1
Stealth        | |  0.6

Action                   |  1- 3 |  4- 6 || total
-------------------------+-------+-------++-------
Melee: Long sword        |    44 |    75 ||   119
       Tailslap          |     7 |    12 ||    19
Invok: Ancestor Identity |       |     1 ||     1
  Use: Scroll            |     3 |     4 ||     7
       Potion            |     1 |     3 ||     4
 Stab: Distracted        |       |     1 ||     1
  Eat: Chunk             |       |     2 ||     2
Armor: Skin              |    12 |    20 ||    32
Dodge: Dodged            |    13 |    28 ||    41
Block: Shield            |    21 |    40 ||    61
       Rpst.: Long sword |     3 |    11 ||    14
